 Dungeon Crawl Stone Soup version 0.30-a0-743-gbfdf073431 (webtiles) character file.

Game seed: 5371611423641673415

1024 ParallaxScroll the Cleaver (level 8, -1/68 HPs)
             Began as a Minotaur Fighter on Feb 7, 2023.
             Slain by an iguana (9 damage)
             ... on level 5 of the Dungeon.
             The game lasted 00:09:22 (4212 turns).

ParallaxScroll the Cleaver (Minotaur Fighter)       Turns: 4212, Time: 00:09:23

Health: -1/68      AC:  7    Str: 23    XL:     8   Next: 2%
Magic:  7/7        EV: 10    Int:  5    God:
Gold:   231        SH:  4    Dex: 10    Spells: 7/7 levels left

rFire   . . .      SeeInvis .    a - +0 war axe
rCold   . . .      Faith    .    c - +0 buckler
rNeg    . . .      Spirit   .    q - +0 scale mail
rPois   .          Reflect  .    (helmet restricted)
rElec   .          Harm     .    (no cloak)
rCorr   .          Rampage  .    (no gloves)
Will    .....                    (no boots) Stlth
                                 (no amulet)
HPRegen 0.31/turn                (no ring)
MPRegen 0.10/turn                (no ring)

@: no status effects
A: horns 2, retaliatory headbutt
a: no special abilities


You were on level 5 of the Dungeon.
You visited 1 branch of the dungeon, and saw 5 of its levels.

You collected 231 gold pieces.

Inventory:

Hand Weapons
 a - a +0 war axe (weapon)
 b - a +0 sling
Missiles
 f - 40 stones (quivered)
 j - 4 poisoned darts
Armour
 c - a +0 buckler (worn)
 q - a +0 scale mail (worn)
Scrolls
 e - a scroll of silence
 i - 2 scrolls of enchant weapon
 l - a scroll of fear {unknown}
 m - a scroll of poison {unknown}
 n - 3 scrolls of fog
 p - a scroll of amnesia {unknown}
 s - a scroll of enchant armour {unknown}
 v - a scroll of vulnerability {unknown}
Potions
 g - a potion of experience {unknown}
 h - a potion of cancellation
 k - a potion of brilliance {unknown}
 o - 2 potions of resistance {unknown}
 r - 2 potions of magic {unknown}
 t - a potion of invisibility {unknown}
 u - a potion of heal wounds {unknown}
 w - a potion of degeneration {unknown}


   Skills:
 - Level 5.0 Fighting
 + Level 8.6 Axes
 - Level 6.0 Armour
 - Level 4.0 Dodging
 - Level 3.6 Shields


You had 7 spell levels left.
You didn't know any spells.
Your spell library contained the following spells:

 Spells                   Type           Power      Damage    Failure   Level
 Vhi's Electric Charge    Tloc/Air       0%         N/A       99%         3
 Arcjolt                  Conj/Air       0%         1d10      100%        5
 Maxwell's Capacitive Co  Air            0%         ∞         100%        8


Dungeon Overview and Level Annotations

Branches:
Dungeon (5/15)
 Temple: D:4-7

Altars:
Cheibriados
Uskayaw
Yredelemnul


Innate Abilities, Weirdness & Mutations

You have a pair of horns on your head.
You reflexively headbutt those who attack you in melee.


Message History

As you open the door, it creaks loudly!
There is an open door here.
Found a stone staircase leading up.
An ogre comes into view. It is wielding a +0 giant club.
Found a stone staircase leading down.
The ogre shouts!
You hear an angry hiss.
b - a +0 sling (weapon)
An iguana comes into view.
You shoot a sling bullet.
The sling bullet barely misses the ogre.
You shoot a sling bullet. The sling bullet hits the ogre.
The ogre is lightly wounded.
The ogre hits you with a +0 giant club!
a - a +0 war axe (weapon)
You closely miss the ogre. Your headbutt misses the ogre.
The ogre is lightly wounded.
The ogre barely misses you. You furiously retaliate!
You headbutt the ogre. You hit the ogre.
The ogre is heavily wounded.
You hit the ogre but do no damage.
The ogre is heavily wounded.
The ogre hits you with a +0 giant club!!
You barely miss the ogre.
The ogre is heavily wounded.
The ogre hits you with a +0 giant club!!
* * * LOW HITPOINT WARNING * * *
You slash the ogre!
The ogre is almost dead.
The ogre completely misses you.
You slash the ogre!
You kill the ogre!
You have reached level 8!
You feel agile.
You hit the iguana.
The iguana is moderately wounded.
The iguana bites you but does no damage.
You barely miss the iguana.
The iguana is moderately wounded.
The iguana bites you!
You die...

#.........'..#
#.........##.#
##.........##.#####
...........##.....#
..###+#'#########.######
.. +...#.###....##......#
...<##..#...#.##.#######.#
........###.#.#.......##.#
........l@....#....##.##.#
......####.####.##.#......
...... #.........#..##.#
..... #.####.########..
.>... ..#..........####
.l.. ###....#####.# ....
#...#..#####.#
#.#.#..#.<.#.# # #
#..#.#.#.#


You could see an iguana.

Vanquished Creatures
  Grinder (D:4)
  The ghost of baller8008 the Conjurer, an amateur DECj (D:4)
  2 ogres
  A phantom (D:4)
  A bullfrog (D:4)
  2 scorpions (D:4)
  2 jellies (D:3)
  2 hounds (D:4)
  3 gnolls (D:3)
  7 adders
  2 shadow imps
  2 worms
  A dart slug (D:1)
  An orc (D:4)
  6 bats
  5 endoplasms
  3 giant cockroaches
  2 goblins (D:2)
  5 hobgoblins
  6 jackals
  3 quokkas
  12 ball pythons
  3 frilled lizards
  3 kobolds
  2 rats (D:3)
78 creatures vanquished.

Notes
Turn   | Place    | Note
-------+----------+-------------------------------------------
     0 | D:1      | ParallaxScroll the Minotaur Fighter began the quest for the
                  | Orb.
     0 | D:1      | Reached XP level 1. HP: 19/19 MP: 0/0
   222 | D:1      | Reached skill level 3 in Axes
   370 | D:1      | Reached XP level 2. HP: 26/26 MP: 1/1
   816 | D:2      | Found a basalt altar of Yredelemnul.
   889 | D:2      | Reached skill level 4 in Axes
   959 | D:2      | Reached XP level 3. HP: 30/31 MP: 2/2
  1635 | D:3      | Reached skill level 5 in Axes
  1635 | D:3      | Reached XP level 4. HP: 22/39 MP: 3/3
  1808 | D:3      | Reached skill level 6 in Axes
  1948 | D:3      | Reached XP level 5. HP: 35/45 MP: 4/4
  2354 | D:4      | Noticed an ogre
  2358 | D:4      | Noticed a phantom
  2366 | D:4      | Killed an ogre
  2367 | D:4      | Reached skill level 7 in Axes
  2397 | D:4      | Found a snail-covered altar of Cheibriados.
  2398 | D:4      | Noticed Grinder
  2417 | D:4      | Reached XP level 6. HP: 7/51 MP: 5/5
  2419 | D:4      | Killed Grinder
  2420 | D:4      | Reached skill level 8 in Axes
  2723 | D:4      | Found a hide-covered altar of Uskayaw.
  2792 | D:4      | Reached XP level 7. HP: 52/57 MP: 6/6
  2993 | D:4      | Found a runed translucent door.
  3034 | D:4      | Reached skill level 5 in Armour
  3131 | D:4      | Noticed baller8008's ghost (amateur DECj)
  3930 | D:4      | Killed baller8008's ghost
  3931 | D:4      | Reached skill level 5 in Fighting
  4117 | D:5      | Entered Level 5 of the Dungeon
  4211 | D:5      | Reached XP level 8. HP: 7/68 MP: 7/7
  4212 | D:5      | Slain by an iguana

Illustrated notes

Levels and vault maps discovered:
D:1:      dpeg_arrival_leaves_temple_mockup, layout_loops_ring
D:2:      layout_loops_ring, basic_altar, chequers_serial_rivers_marsh
D:3:      layout_loops_cross, minmay_misc_feat_roman
D:4:      layout_layer_cave, mainiacjoe_overflow_large_starburst,
          ebering_ghost_sewer_d, kennysheep_generic_room_9, uniq_grinder
D:5:      layout_basic, minmay_temple_entry_glass, gammafunk_ghost_stat_death,
          uniq_duvessa, uniq_pikel, uniq_edmund

Skill      XL: |  1  2  3  4  5  6  7 |
---------------+----------------------+-----
Axes           | 3 4 5 6 7 8 |  8.6
Armour         | 4 6 |  6.0
Dodging        | 2 4 |  4.0
Fighting       | 5 |  5.0
Shields        | |  3.6

Action                     |  1- 3 |  4- 6 |  7- 9 || total
---------------------------+-------+-------+-------++-------
  Melee: War axe           |    79 |    48 |    65 ||   192
         Headbutt          |    10 |     6 |    14 ||    30
   Fire: Sling             |     2 |    23 |     9 ||    34
  Throw: Dart              |       |     4 |       ||     4
         Stone             |       |     1 |       ||     1
         Throwing net      |       |     1 |       ||     1
    Use: Scroll            |     1 |     2 |       ||     3
         Potion            |       |     2 |     1 ||     3
 Armour: Scale mail        |    41 |    16 |    19 ||    76
  Dodge: Dodged            |    30 |    18 |    24 ||    72
  Block: Buckler           |    17 |    13 |     5 ||    35

Table legend: (Time is in decaauts)
 A = Elapsed time spent in this place.
 B = Non-inter-level travel time spent in this place.
 C = Inter-level travel time spent in this place.
 D = Time resting spent in this place.
 E = Time spent auto-exploring this place.
 F = Levels seen in this place.
 G = Mean time per level.
                   A        B        C        D        E       F      G
               +--------+--------+--------+--------+--------+-----+--------+
         Total |   4272 |   4135 |    137 |    873 |   2697 |   5 |  854.4 |
       Dungeon |   4272 |   4135 |    137 |    873 |   2697 |   5 |  854.4 |
               +--------+--------+--------+--------+--------+-----+--------+

Top non-repeatable levels by time:
     D:4: 1802 daAuts
     D:1: 816 daAuts
     D:2: 811 daAuts
     D:3: 746 daAuts
     D:5: 96 daAuts
